 Dungeon Crawl Stone Soup version 0.31-a0-180-g519b7de00c (webtiles) character file.

Game seed: 12918726918904757631

62 qw the Shooter (level 4, -1/39 HPs)
             Began as a Naga Hunter on June 19, 2023.
             Killed by divine providence
             ... invoked by an orc priest
              (12 damage)
             ... on level 3 of the Dungeon.
             The game lasted 00:00:33 (1357 turns).

qw the Shooter (Naga Hunter)                        Turns: 1357, Time: 00:00:34

Health: -1/39      AC:  3    Str: 10 (13) XL:     4   Next: 8%
Magic:  4/4        EV:  9    Int:  9      God:
Gold:   33         SH:  0    Dex: 16 (17) Spells: 3/3 levels left

rFire   . . .        Y - +1 shortbow
rCold   . . .        (shield currently unavailable)
rNeg    . . .        c - +0 leather armour
rPois   +            (no helmet)
rElec   .            (no cloak)
rCorr   .            i - +0 pair of gloves
SInv    +            (no barding)
Will    .....        (no amulet)
Stlth   ++           (no ring)
HPRegen 0.26/turn    (no ring)
MPRegen 0.09/turn

%: no passive effects
@: short of breath, very slow
A: AC +1, large, see invisible, deformed body, poison resistance, slowness 2,
spit poison 1, naga tail 1
a: Spit Poison


You were on level 3 of the Dungeon.
You visited 1 branch of the dungeon, and saw 3 of its levels.

You collected 33 gold pieces.


Innate Abilities, Weirdness & Mutations

Your serpentine skin is tough. (AC +1)
You have supernaturally acute eyesight. (SInv)
Armour fits poorly on your strangely shaped body.
Your system is resistant to poisons. (rPois)
You cover ground very slowly.
You can spit poison.
You have a snake-like lower body.


   Skills:
 + Level 2.0 Fighting
 - Level 5.0 Ranged Weapons
 - Level 1.5 Dodging
 - Level 1.5 Stealth


You had 3 spell levels left.
You didn't know any spells.
Your spell library was empty.

Inventory:

Hand Weapons
 Y - a +1 shortbow (weapon)
Armour
 c - a +0 leather armour (worn)
 i - a +0 pair of gloves (worn)
Scrolls
 a - a scroll of identify
 e - a scroll of teleportation
Potions
 b - a potion of curing
 d - a potion of cancellation {unknown}
 f - a potion of magic {unknown}

Dungeon Overview and Level Annotations

Branches:
Dungeon (3/15)

Altars:

Annotations:
D:2 1 runed translucent door, Crazy Yiuf


Message History

You shoot an arrow. The arrow barely misses the adder.
The arrow closely misses the orc priest.
The arrow closely misses the orc.
The adder bites you.
You shoot an arrow. The arrow hits the adder!
The adder is almost dead.
You have got your breath back.
The adder bites you. The adder bites you but does no damage.
1352 ||| INVOKING Spit Poison.
Aiming: Spit Poison (2% risk of failure)
Press: ? - help, Shift-Dir - straight line, f/p - adder The splash of poison misses the adder.
The splash of poison misses the orc.
The adder bites you.
A dart slug comes into view.
You shoot an arrow. The arrow barely misses the adder.
The arrow barely misses the orc.
The adder completely misses you. The adder bites you.
The orc priest hits you with a +0 war axe.
You shoot an arrow. The arrow closely misses the adder.
The adder bites you but does no damage. The orc priest barely misses you.
You shoot an arrow. The arrow barely misses the adder.
You have got your breath back.
The adder barely misses you. The orc priest closely misses you.
The adder closely misses you.
1356 ||| INVOKING Spit Poison.
Aiming: Spit Poison (2% risk of failure)
Press: ? - help, Shift-Dir - straight line, f/p - adder The splash of poison hits the adder.
The adder is poisoned.
You kill the adder!
The dart slug launches a dart at you. The slug dart hits you.
The orc hits you with a +0 whip.
The orc priest hits you with a +0 war axe.
You feel your intelligence returning.
Your Ranged Weapons skill increases to level 5!
You have reached level 4!
You feel agile.
You shoot an arrow. The arrow barely misses the orc priest.
The orc barely misses you.
The orc priest calls down the wrath of Beogh upon you.
Beogh smites you!
You die...

...######.#.###...#
#.........#
###.###..##
######.........#
#^.......####.##
...####.###
###..#####.##
#.).o.......[
#.#.o@.......
#.#.%###.#.##
#.#..# .. ...... ##
.)#w... #....##.#
##.... .. ...


You could see an orc priest, a dart slug and an orc.

Vanquished Creatures
  An adder (D:3)
  2 orcs (D:3)
  8 endoplasms
  4 giant cockroaches (D:1)
  5 hobgoblins (D:1)
  2 jackals (D:2)
  6 kobolds
  5 ball pythons
  4 bats
  3 frilled lizards
  3 goblins
  4 rats
47 creatures vanquished.

Notes
Turn   | Place    | Note
-------+----------+-------------------------------------------
     0 | D:1      | qw the Naga Hunter began the quest for the Orb.
     0 | D:1      | Reached XP level 1. HP: 19/19 MP: 1/1
     0 | D:1      | 0 ||| qw: Version: 0.3-a-7-ge0c9b40
     0 | D:1      | 0 ||| qw: Game counter: 1030
     0 | D:1      | 0 ||| qw: Always use a shield: true
     0 | D:1      | 0 ||| qw: God list: Okawaru
     0 | D:1      | 0 ||| qw: Allow faded altars: false
     0 | D:1      | 0 ||| qw: Do Orc after D:15 true
     0 | D:1      | 0 ||| qw: Do second Lair branch before Depths: true
     0 | D:1      | 0 ||| qw: Lair rune preference: random
     0 | D:1      | 0 ||| qw: Plans: Normal
     0 | D:1      | 0 ||| PLANNING D:1-11
    23 | D:1      | 23 ||| INVOKING Spit Poison.
    29 | D:1      | 29 ||| INVOKING Spit Poison.
    57 | D:1      | 57 ||| INVOKING Spit Poison.
    63 | D:1      | Reached skill level 4 in Ranged Weapons
    63 | D:1      | Reached XP level 2. HP: 26/26 MP: 2/2
    63 | D:1      | 63 ||| INVOKING Spit Poison.
   121 | D:1      | 121 ||| INVOKING Spit Poison.
   140 | D:1      | 140 ||| INVOKING Spit Poison.
   169 | D:1      | 169 ||| INVOKING Spit Poison.
   175 | D:1      | 175 ||| INVOKING Spit Poison.
   182 | D:1      | 182 ||| INVOKING Spit Poison.
   215 | D:1      | 215 ||| INVOKING Spit Poison.
   217 | D:1      | Reached XP level 3. HP: 32/32 MP: 3/3
   278 | D:1      | 278 ||| INVOKING Spit Poison.
   295 | D:1      | 295 ||| INVOKING Spit Poison.
   301 | D:1      | 301 ||| INVOKING Spit Poison.
   406 | D:1      | 406 ||| READING 2 scrolls labelled KUNINUZXEN.
   407 | D:1      | 407 ||| READING scroll labelled UCADAITHR TUOST.
   408 | D:1      | 408 ||| DRINKING 2 fuming sapphire potions.
   409 | D:1      | 409 ||| DROPPING scroll of butterflies.
   410 | D:1      | 410 ||| DROPPING potion of degeneration.
   434 | D:2      | 434 ||| INVOKING Spit Poison.
   456 | D:2      | 456 ||| INVOKING Spit Poison.
   491 | D:2      | 491 ||| INVOKING Spit Poison.
   513 | D:2      | Found a faded altar of an unknown god.
   535 | D:2      | 535 ||| INVOKING Spit Poison.
   540 | D:2      | 540 ||| INVOKING Spit Poison.
   543 | D:2      | 543 ||| INVOKING Spit Poison.
   546 | D:2      | 546 ||| INVOKING Spit Poison.
   663 | D:2      | 663 ||| INVOKING Spit Poison.
   730 | D:2      | 730 ||| INVOKING Spit Poison.
   874 | D:2      | 874 ||| INVOKING Spit Poison.
   901 | D:2      | 901 ||| INVOKING Spit Poison.
   973 | D:2      | Found a runed translucent door.
   974 | D:2      | Noticed Crazy Yiuf
  1153 | D:2      | 1153 ||| UPGRADING to +0 pair of gloves.
  1158 | D:2      | 1158 ||| READING scroll labelled HUBONLODIQ.
  1159 | D:2      | 1159 ||| READING scroll labelled BIATOIRYHO.
  1160 | D:2      | 1160 ||| READING scroll labelled NAYXZO UCOKHA.
  1237 | D:2      | 1237 ||| DRINKING 2 fuming orange potions.
  1238 | D:2      | 1238 ||| READING 2 scrolls of identify.
  1238 | D:2      | 1238 ||| IDENTIFYING fuming yellow potion
  1239 | D:2      | 1239 ||| DROPPING potion of invisibility.
  1277 | D:3      | 1277 ||| PLANNING SEWER
  1345 | D:3      | 1345 ||| Stepping ~*~*~tactically~*~*~ (outnumbered).
  1348 | D:3      | 1348 ||| INVOKING Spit Poison.
  1352 | D:3      | 1352 ||| INVOKING Spit Poison.
  1356 | D:3      | 1356 ||| INVOKING Spit Poison.
  1356 | D:3      | HP: 8/32 [orc priest/+0 war axe (6)]
  1357 | D:3      | Reached skill level 5 in Ranged Weapons
  1357 | D:3      | Reached XP level 4. HP: 10/39 MP: 4/4
  1357 | D:3      | Killed from afar by an orc priest

Levels and vault maps discovered:
D:1:      spicycebolla_arrival_xxxplode, layout_rooms, minivault_24
D:2:      layout_rooms, hellmonk_ecumenical_altar_heavens_door,
          uniq_crazy_yiuf_cottage
D:3:      layout_basic, portal_sewer_entry_b, nicolae_shop_unique_rings

Skill      XL: |  1  2  3 |
---------------+----------+-----
Ranged Weapons | 4 5 |  5.0
Fighting       | |  2.0
Dodging        | |  1.5
Stealth        | |  1.5

Action                     |  1- 3 |  4- 6 || total
---------------------------+-------+-------++-------
   Fire: Shortbow          |    79 |     1 ||    80
Ability: Spit Poison       |    27 |       ||    27
    Use: Scroll            |     6 |       ||     6
         Potion            |     2 |       ||     2
 Armour: Leather armour    |     8 |       ||     8
  Dodge: Dodged            |    14 |     1 ||    15

Table legend:
 A = Non-vault XP
 B = Vault XP
 C = Vault XP percentage of total XP
 D = Non-vault monster count
 E = Vault monster count
 F = Vault count percentage of total count
                 A         B        C        D         E       F
            +---------+---------+-------+---------+---------+-------
      Total |      89 |       0 |   0.0 |      47 |       0 |   0.0
            +---------+---------+-------+---------+---------+-------
        D:1 |      44 |       0 |   0.0 |      26 |       0 |   0.0
        D:2 |      26 |       0 |   0.0 |      18 |       0 |   0.0
        D:3 |      19 |       0 |   0.0 |       3 |       0 |   0.0
            +---------+---------+-------+---------+---------+-------
